 Dungeon Crawl Stone Soup version 0.18-a0-1311-g779ca93 (webtiles) character file.

161 Duffy the Shield-Bearer (level 5, -2/41 HPs)
             Began as a Formicid Fighter on Feb 13, 2016.
             Slain by an adder (3 damage)
             ... on level 3 of the Dungeon.
             The game lasted 00:02:24 (2188 turns).

Duffy the Shield-Bearer (Formicid Fighter)          Turns: 2188, Time: 00:02:25

Health: -2/41      AC:  9    Str: 21    XL:     5   Next: 70%
Magic:  5/5        EV:  6    Int:  8    God:
Gold:   98         SH: 10    Dex: 10    Spells: 0 memorised, 4 levels left

rFire  . . .     SeeInvis +     a - +0 war axe
rCold  . . .     Gourm    .     r - +0 chain mail {MR+}
rNeg   . . .     Faith    .     c - +0 shield
rPois  .         Spirit   .     (helmet unavailable)
rElec  .         Dismiss  .     (no cloak)
rCorr  .         Reflect  .     (no gloves)
SustAt .         Harm     .     (no boots)
MR     +....                    (no amulet)
Stlth  ..........               (no ring)
                                (no ring)

@: lethally poisoned (-2 -> -5), somewhat resistant to hostile enchantments,
extremely unstealthy
A: permanent stasis, dig shafts and tunnels, four strong arms, antennae 3
a: Dig, Shaft Self


You were on level 3 of the Dungeon.
You were hungry.

You visited 1 branch of the dungeon, and saw 3 of its levels.

You collected 98 gold pieces.


Innate Abilities, Weirdness & Mutations

You are under a permanent stasis effect.
You can dig through walls and to a lower floor.
Your four strong arms can wield two-handed weapons with a shield.
You have a pair of large antennae on your head (SInv).


   Skills:
 - Level 3.2 Fighting
 + Level 4.1 Axes
 - Level 3.2 Armour
 + Level 5.6 Shields


You had 4 spell levels left.
You didn't know any spells.

Inventory:

Hand Weapons
 a - a +0 war axe (weapon)
Missiles
 n - 4 poisoned javelins (quivered)
Armour
 b - a +0 scale mail
 c - a +0 shield (worn)
 q - a +0 chain mail
 r - a +0 chain mail of magic resistance (worn)
Scrolls
 e - 2 scrolls of identify {unknown}
 h - 5 scrolls of recharging {unknown}
 k - 3 scrolls of enchant weapon {unknown}
 l - a scroll of enchant armour {unknown}
Potions
 d - a potion of might
 j - 2 potions of curing {unknown}
 m - a potion of degeneration {unknown}
 o - 2 potions of flight {unknown}
Comestibles
 f - 3 bread rations
 g - 3 meat rations
 i - 2 beef jerkies
 p - 3 chunks of flesh

Dungeon Overview and Level Annotations

Branches:
Dungeon (3/15)

Altars:
Dithmenos
Fedhas
Nemelex Xobeh


Message History

You see here a bat corpse.
You feel sick.
You feel sick.
You feel sick.
Found a viscous silvery potion.
You are feeling hungry.
o - 2 viscous silvery potions (gained 1)
You feel sick.
There are no items here.
You swing at nothing.
The adder bites you but does no damage.
You closely miss the adder.
You feel sick. You block the adder's attack. The adder bites you.
You are more poisoned.
The adder poisons you!
You hit the adder.
The adder is lightly wounded.
You feel sick. The adder bites you but does no damage.
You block the adder's attack.
You miss the adder.
The adder is lightly wounded.
You feel sick. You block the adder's attack. x2
You closely miss the adder.
The adder is lightly wounded.
The adder bites you but does no damage. x2
You miss the adder.
The adder is lightly wounded.
You feel sick. The adder bites you but does no damage.
You closely miss the adder.
The adder is lightly wounded.
You feel sick. The adder bites you but does no damage.
You block the adder's attack.
You hit the adder.
The adder is heavily wounded.
The adder bites you. x2
You die...

#...%.....)....#
#.#
#.._..._..####.#
#.# #........##
#.# #.#
#.##...#.# #.#
#.# #..S.....#
#.######.#
###.######
#.......#< #.#
#..#####%#
#.##########..#
#.#
#..S@.........##
#.#
#..#########...#
#.#
#............#.#
#..
##.#########...#
#.# #.# ##.##
#.# #.# #.# #.#
#.# #.# ###..
#.# #.###....
#........


You could see an adder.

Action                   |  1- 3 |  4- 6 || total
-------------------------+-------+-------++-------
Melee: War axe           |    87 |    81 ||   168
 Abil: Dig               |     1 |       ||     1
  Eat: Chunk             |     1 |     3 ||     4

Notes
Turn   | Place    | Note
--------------------------------------------------------------
     0 | D:1      | Duffy the Formicid Fighter began the quest for the Orb.
     0 | D:1      | Reached XP level 1. HP: 18/18 MP: 1/1
   314 | D:1      | Reached XP level 2. HP: 24/24 MP: 2/2
   548 | D:1      | Reached skill level 4 in Shields
   647 | D:1      | Reached XP level 3. HP: 27/29 MP: 3/3
  1165 | D:2      | Reached skill level 3 in Axes
  1454 | D:3      | Reached skill level 5 in Shields
  1454 | D:3      | Reached XP level 4. HP: 27/35 MP: 4/4
  1538 | D:3      | Reached XP level 5. HP: 31/41 MP: 5/5
  2075 | D:3      | Noticed Terence
  2076 | D:3      | Found a sparkling altar of Nemelex Xobeh.
  2078 | D:3      | Found a blossoming altar of Fedhas.
  2088 | D:3      | Killed Terence
  2088 | D:3      | Reached skill level 4 in Axes
  2089 | D:3      | Found a shadowy altar of Dithmenos.
  2188 | D:3      | Slain by an adder

Vault maps used:
D:1:      matt_arrival_refuge, serial_forest, infiniplex_forest_clump_small,
          infiniplex_forest_zigzag_2, infiniplex_forest_lined_room_2,
          infiniplex_forest_lined_corner, infiniplex_forest_pool,
          infiniplex_forest_straight_2, infiniplex_forest_lined_4_way,
          infiniplex_forest_zigzag_2, infiniplex_forest_straight_5
D:3:      grunt_temple_overflow_open, first_bread, minmay_misc_feat_square,
          uniq_terence

Vanquished Creatures
  An orc priest
  An orc wizard Terence
  An adder
  An ooze
  2 worms
  2 giant geckos
  8 orcs
  A bat
  2 giant cockroaches
  8 goblins
  7 hobgoblins
  2 quokkas
  3 giant newts
  8 kobolds
  5 rats
53 creatures vanquished.
